Map: Oxide LE

Players

LunarSC

  • Race: Terran Terran
  • League: Master
  • Spawn Location: 1:00

Void - Winner!

  • Race: Protoss Protoss
  • League: Grandmaster
  • Spawn Location: 7:00

VOD

Have the link to the VOD?

Description

Time

  • Played on: Dec. 26, 2020, 3:51 p.m.
  • Length: 7:45
Show
View Real Time Build Order
Export as new Build Order

LunarSC Terran 

Build Orders:  

Get SALT Encoding   

  12  0:00  SCV  
  13  0:12  SCV  
  14  0:17  Supply Depot  
  14  0:24  SCV  
  15  0:39  SCV  
  15  0:40  Barracks  
  16  0:44  Refinery  
  16  0:51  SCV  
  17  1:03  SCV  
  18  1:15  SCV  
  19  1:27  Barracks Reactor, Orbital Command  
  19  1:44  Refinery  
  19  1:49  Bunker  
  19  1:50  Supply Depot  
  19  1:54  SCV  
  20  2:04  Factory, Marine  
  20  2:05  Marine  
  20  2:06  SCV  
  23  2:18  Supply Depot  
  23  2:22  Marine x2  
  23  2:23  SCV  
  26  2:35  SCV  
  27  2:38  Engineering Bay  
  27  2:40  Marine x2  
  29  2:48  Starport  
  29  2:53  Factory Tech Lab  
  29  2:55  SCV  
  29  2:58  Marine x2  
  32  3:08  Missile Turret  
  32  3:14  Cyclone  
  35  3:20  Missile Turret  
  35  3:26  Starport Reactor  
  35  3:31  Supply Depot  
  35  3:46  Supply Depot  
  35  4:07  SCV  
  36  4:15  Marine, Widow Mine  
  39  4:18  Command Center  
  39  4:29  Supply Depot  
  39  4:47  Supply Depot  
  39  4:50  Supply Depot  
  39  4:51  Marine, Widow Mine, Raven, SCV  
  45  4:53  Marine  
  46  5:03  SCV  
  47  5:09  Marine, Widow Mine  
  47  5:10  Marine  
  49  5:17  SCV  
  49  5:29  Marine x2, SCV  
  49  5:31  Terran Infantry Weapons Level 1  
  49  5:32  Widow Mine x2  
  49  5:34  Medivac  
  58  5:41  SCV  
  58  5:42  Orbital Command  
  59  5:52  Barracks  
  59  5:54  SCV  
  60  5:57  Barracks  
  60  6:06  SCV  
  61  6:14  Marine  
  61  6:15  Marine  
  61  6:18  SCV  
  68  6:20  SCV  
  68  6:24  Supply Depot  
  69  6:32  SCV x2  
  67  6:33  Marine  
  67  6:35  Factory Reactor  
  67  6:36  Medivac x2  
  72  6:40  Supply Depot  
  72  6:44  Barracks Reactor, SCV  
  72  6:45  Barracks Tech Lab  
  72  6:46  SCV  
  74  6:49  Supply Depot  
  74  7:05  SCV  
  67  7:13  Marine x2  
  44  7:19  Marine x2  
  44  7:21  Widow Mine  
  44  7:22  SCV  
Show
View Real Time Build Order
Export as new Build Order

Void Protoss - Winner!

Build Orders: Zealot Archon 

Get SALT Encoding   

  12  0:09  Pylon  
  12  0:12  Probe  
  13  0:27  Gateway  
  13  0:29  Probe  
  14  0:41  Assimilator, Probe  
  15  0:49  Assimilator  
  15  0:53  Probe  
  16  1:06  Probe  
  17  1:15  Cybernetics Core  
  18  1:18  Probe  
  18  1:28  Pylon  
  18  1:30  Probe  
  19  1:43  Probe  
  20  1:50  Adept (Chrono Boost)  
  20  1:51  Stargate  
  22  1:55  Probe  
  22  2:00  Pylon  
  23  2:07  Probe  
  24  2:10  Adept (Chrono Boost)  
  26  2:19  Probe  
  27  2:26  Void Ray (Chrono Boost)  
  27  2:32  Probe  
  32  2:37  Adept  
  34  2:50  Probe  
  35  2:52  Warp Gate  
  35  3:19  Nexus  
  35  3:21  Probe  
  36  3:33  Probe  
  37  3:38  Pylon  
  37  3:44  Twilight Council  
  37  3:50  Probe  
  38  3:58  Gateway  
  38  3:59  Gateway  
  38  4:02  Probe (Chrono Boost)  
  39  4:05  Pylon  
  39  4:14  Probe (Chrono Boost), Gateway  
  40  4:20  Probe (Chrono Boost)  
  41  4:25  Charge (Chrono Boost)  
  41  4:34  Probe, Dark Shrine  
  41  4:37  Probe  
  43  4:43  Zealot  
  45  4:46  Probe  
  46  4:53  Zealot  
  46  4:56  Probe, Gateway  
  49  5:23  Zealot x2  
  49  5:24  Probe  
  49  5:26  Pylon  
  49  5:27  Pylon  
  54  5:29  Gateway  
  54  5:33  Gateway  
  54  5:39  Pylon  
  54  5:47  Dark Templar x4  
  62  5:54  Zealot  
  62  5:55  Probe x2  
  66  6:10  Archon x2  
  66  6:16  Pylon  
  66  6:19  Zealot x2  
  66  6:20  Zealot  
  66  6:22  Zealot  
  66  6:24  Zealot  
  76  6:27  Nexus  
  76  6:34  Probe  
  76  6:35  Probe, Stargate  
  76  6:37  Assimilator  
  78  6:47  Probe  
  79  6:52  Probe  
  80  6:59  Probe  
  72  7:05  Stalker x2  
  72  7:06  Probe  
  60  7:29  Probe x2  
  58  7:30  Zealot x4  
Tags
 
Composition
Zealot Archon
Matchup
PvT
Spawn Locations
Cross Positions
Add a new tag
Caveats
  • Supply blocks, unpowered buildings, or Contaminate may cause inaccurate times.
  • Supply counts are checked every 10 seconds.